 Dungeon Crawl Stone Soup version 0.31-a0-844-gdc52ec4e09 (webtiles) character file.

Game seed: 16275608856366457098

2411 BinkBink the Shield-Bearer (level 9, -6/57 HPs)
             Began as a Gargoyle Fighter on Sept 30, 2023.
             Was a Priest of Qazlal.
             Killed by divine providence
             ... invoked by an orc priest
              (13 damage)
             ... on level 7 of the Dungeon.
             The game lasted 00:14:09 (6625 turns).

BinkBink the Shield-Bearer (Gargoyle Fighter)       Turns: 6625, Time: 00:14:14

Health: -6/57      AC: 19    Str: 23    XL:     9   Next: 47%
Magic:  9/9        EV:  9    Int:  8    God:    Qazlal [***...]
Gold:   377        SH: 13    Dex:  9    Spells: 8/8 levels left

rFire   . . .        a - +0 flail
rCold   . . .        e - +0 kite shield
rNeg    + . .        b - +0 scale mail
rPois   ∞            (no helmet)
rElec   +            z - scarf {repulsion}
rCorr   +            h - +0 pair of gloves
SInv    .            (no boots)
Will    .....        (no amulet) Stlth
                     g - ring of resist corrosion
HPRegen 0.29/turn    t - +4 ring of protection
MPRegen 0.11/turn

%: repel missiles
@: hasted, very quick
A: sickness immunity, AC +6, negative energy resistance 1, electricity
resistance, torment resistance 1, petrification resistance, weak 1
a: Renounce Religion, Upheaval, Elemental Force


You were on level 7 of the Dungeon.
You worshipped Qazlal.
Qazlal was most pleased with you.
You visited 2 branches of the dungeon, and saw 8 of its levels.

You collected 377 gold pieces.

Inventory:

Hand Weapons
 a - a +0 flail (weapon)
Armour
 b - a +0 scale mail (worn)
 e - a +0 kite shield (worn)
 h - a +0 pair of gloves (worn)
 z - a scarf of repulsion (worn)
Jewellery
 g - a ring of resist corrosion (left hand)
 m - a +6 ring of intelligence
 t - a +4 ring of protection (right hand)
Wands
 i - a wand of flame (12) (quivered)
 q - a wand of light (4)
 x - a wand of paralysis (8)
 B - a wand of digging (8)
Scrolls
 f - a scroll of silence
 j - 3 scrolls of teleportation
 o - 4 scrolls of identify
 p - a scroll of blinking {unknown}
 r - a scroll of noise {unknown}
 v - a scroll of vulnerability {unknown}
 y - 2 scrolls of brand weapon {unknown}
Potions
 c - a potion of brilliance {unknown}
 d - 2 potions of might
 k - a potion of haste
 l - a potion of berserk rage {unknown}
 n - a potion of invisibility
 s - 3 potions of enlightenment
 u - a potion of ambrosia {unknown}
 A - a potion of magic {unknown}


   Skills:
 + Level 7.5 Fighting
 + Level 6.5 Maces & Flails
 + Level 7.5 Armour
 + Level 7.6 Shields


You had 8 spell levels left.
You didn't know any spells.
Your spell library contained the following spells:

 Spells                   Type           Power      Damage    Failure   Level
 Sandblast                Erth           0%         2d4       88%         1
 Passwall                 Tmut/Erth      0%         N/A       96%         2
 Stone Arrow              Conj/Erth      0%         3d7       99%         3
 Brom's Barrelling Bould  Conj/Erth      0%         2d3       100%        4
 Haunt                    Necr/Summ      0%         N/A       100%        7
 Borgnjor's Revivificati  Necr           0%         N/A       100%        8
 Death's Door             Necr           0%         N/A       100%        9


Dungeon Overview and Level Annotations

Branches:
Dungeon (7/15)             Temple (1/1) D:6

Altars:
Ashenzari
Cheibriados
Dithmenos
Fedhas
Gozag
Kikubaaqudgha
Makhleb
Nemelex Xobeh
Qazlal
Ru
Sif Muna
Trog
Uskayaw
Wu Jian
Xom
Yredelemnul
Zin
The Shining One

Shops:
D:2 (   D:6 [

Annotations:
D:4 1 runed translucent door, Crazy Yiuf
D:6 1 runed translucent door, Stonecrops's ghost, novice AtFi


Innate Abilities, Weirdness & Mutations

You are immune to sickness and miasma.
Your stone body is resilient. (AC +6)
You are immune to poison.
You resist negative energy. (rN+)
You are resistant to electric shocks. (rElec)
You are resistant to unholy torment.
You are immune to petrification.
You are weak. (Str -2)


Message History

You barely miss the gnoll.
The gnoll sergeant hits you but does no damage.
You block the gnoll's attack.
You closely miss the gnoll.
The gnoll sergeant hits you but does no damage.
An orc priest comes into view. It is wielding a +0 falchion.
You block the gnoll's attack.
The orc priest shouts!
You thump the gnoll!
The gnoll is severely wounded.
You block the gnoll sergeant's attack. You block the gnoll's attack.
You sock the gnoll!
You kill the gnoll!
Qazlal accepts your kill.
You can now give life to nearby clouds.
The gnoll sergeant hits you from afar with a +0 trident.
The gnoll sergeant hits you from afar with a +0 trident!
The orc wizard casts a spell at you. The magic dart hits you.
You block the gnoll's attack.
The orc priest casts a cantrip, but nothing happens.
You hit the orc wizard.
The orc wizard is moderately wounded.
The gnoll sergeant barely misses you. You block the orc wizard's attack.
The orc priest invokes the aid of Beogh against you.
Beogh smites you! The gnoll closely misses you.
You sock the orc wizard!
The orc wizard is almost dead.
The gnoll sergeant hits you from afar with a +0 trident!
* * * LOW HITPOINT WARNING * * *
The orc wizard hits you but does no damage.
The orc priest miscasts a cantrip.
The gnoll hits you from afar with a +0 spear.
* * * LOW HITPOINT WARNING * * *
It was a potion of haste.
You feel yourself speed up.
You hear a shout!
The gnoll sergeant hits you from afar with a +0 trident.
* * * LOW HITPOINT WARNING * * *
The orc wizard hits you but does no damage.
The orc priest invokes the aid of Beogh against you.
Beogh smites you!
You die...

#.###.## #.#
..#.#..### #.#
.##.##...#####
##...###....#######
...#..)####.......#
##...###....#####.#
.##.##...#######..#
..#[#..###.......##
#.###.## ..#.###@#
#..#..# #o###
##.#.##


#ggg# ##.#.# ###go.# #...# .o#.# ##.## ....:.# #.# .#....... #.# ...c#...#.# #.#
.. .. ...#.# You could see a gnoll sergeant, an orc priest, an orc wizard and 2
gnolls.

Vanquished Creatures
  Menkaure (D:5)
  A water moccasin (D:6)
  Duvessa (D:7)
  2 ice beasts
  2 black bears
  4 ogres
  A centaur (D:7)
  2 scorpions
  A gnoll sergeant (D:7)
  A bullfrog (D:6)
  8 wights (D:7)
  Dowan (D:7)
  3 howler monkeys
  5 hounds
  An orc priest (D:5)
  A gnoll bouda (D:7)
  2 iguanas
  8 gnolls (D:7)
  3 adders
  2 shadow imps
  A white imp (D:5)
  2 ufetubi (D:5)
  A dart slug (D:5)
  16 orcs
  13 ball pythons
  6 bats
  7 endoplasms
  4 giant cockroaches
  6 hobgoblins
  5 jackals (D:1)
  4 kobolds
  4 quokkas
  A frilled lizard (D:1)
  3 goblins (D:4)
  3 rats
126 creatures vanquished.

Notes
Turn   | Place    | Note
-------+----------+-------------------------------------------
     0 | D:1      | BinkBink the Gargoyle Fighter began the quest for the Orb.
     0 | D:1      | Reached XP level 1. HP: 14/14 MP: 1/1
   155 | D:1      | Reached XP level 2. HP: 11/19 MP: 2/2
   318 | D:1      | Found a faded altar of an unknown god.
   382 | D:1      | Reached XP level 3. HP: 22/23 MP: 3/3
   690 | D:2      | Found a stormy altar of Qazlal.
   698 | D:2      | Became a worshipper of Qazlal Stormbringer
   929 | D:2      | Reached XP level 4. HP: 29/29 MP: 4/4
   957 | D:2      | Found Lolic's Antique Weapon Shop.
  1387 | D:3      | Identified the +6 chain mail "Duwo" {Str+5 Slay-5}
  1399 | D:3      | Found a faded altar of an unknown god.
  1404 | D:3      | Found a snail-covered altar of Cheibriados.
  1868 | D:4      | Noticed a scorpion
  1933 | D:3      | Killed a scorpion
  1934 | D:3      | Reached XP level 5. HP: 15/33 MP: 5/5
  2325 | D:4      | Reached * piety under Qazlal
  2502 | D:4      | Found a sacrificial altar of Ru.
  2565 | D:4      | Found a runed translucent door.
  2566 | D:4      | Noticed Crazy Yiuf
  2673 | D:4      | Noticed an ogre
  2811 | D:2      | Gained mutation: You are weak. (Str -2) [potion of
                  | mutation]
  2867 | D:4      | Killed an ogre
  2868 | D:4      | Reached XP level 6. HP: 27/39 MP: 6/6
  3302 | D:5      | Entered Level 5 of the Dungeon
  3599 | D:5      | Noticed Menkaure
  3746 | D:5      | Reached skill level 5 in Fighting
  3746 | D:5      | Reached skill level 5 in Armour
  3746 | D:5      | Reached skill level 5 in Shields
  3765 | D:5      | Noticed a black bear
  3782 | D:5      | Killed a black bear
  3783 | D:5      | Reached XP level 7. HP: 31/44 MP: 7/7
  4020 | D:5      | Killed Menkaure
  4082 | D:6      | Noticed a +0 hand axe
  4082 | D:6      | Noticed a +0 dagger
  4082 | D:6      | Found a hide-covered altar of Uskayaw.
  4632 | D:6      | Reached XP level 8. HP: 26/51 MP: 8/8
  4753 | D:6      | Found Poigydia's Armour Boutique.
  4772 | D:6      | Found a staircase to the Ecumenical Temple.
  4808 | D:6      | Reached ** piety under Qazlal
  4809 | D:6      | Reached skill level 5 in Maces & Flails
  4833 | Temple   | Entered the Ecumenical Temple
  5050 | D:6      | Found a runed translucent door.
  5054 | D:6      | Noticed Stonecrops's ghost (novice AtFi)
  5535 | D:7      | Noticed Duvessa
  5545 | D:7      | Noticed Dowan
  5569 | D:7      | Killed Duvessa
  5583 | D:7      | Killed Dowan
  5908 | D:7      | Reached XP level 9. HP: 51/56 MP: 9/9
  6622 | D:7      | Reached *** piety under Qazlal
  6625 | D:7      | Killed from afar by an orc priest

Illustrated notes

Levels and vault maps discovered:
D:1:      heliophobic_arrival_ceremonial_halls, layout_rooms,
          shapermc_ecumenical_altar_mp_highgroup, dk_noncrumbling_4
D:2:      layout_basic, serial_shops, nicolae_shop_waterfront, basic_altar,
          serial_forest, infiniplex_forest_lined_1,
          infiniplex_forest_clump_double, infiniplex_forest_clump_curved,
          infiniplex_forest_lined_2, infiniplex_forest_lined_room_,
          infiniplex_forest_clump_diagonal
D:3:      layout_basic, nicolae_overflow_ecumenical_swirl
D:4:      layout_basic, nicolae_ru_awakened_eye, uniq_crazy_yiuf_cottage
D:5:      layout_cave_pools, uniq_menkaure
D:6:      layout_loops_ring, dancing_weapons_uskayaw,
          minmay_temple_entry_large_hall, ebering_ghost_sewer_d, serial_shops,
          shop
D:7:      minmay_general_purpose_star, layout_rooms, nicolae_vehumet_radiance,
          uniq_duvessa
Temple:   eino_wide_crystal_templ

Skill      XL: |  1  2  3  4  5  6  7  8  9 |
---------------+----------------------------+-----
Fighting       | 4 5 6 7 |  7.5
Maces & Flails | 3 4 5 6 |  6.5
Armour         | 4 5 6 7 |  7.5
Shields        | 4 5 6 7 |  7.6

Action                     |  1- 3 |  4- 6 |  7- 9 || total
---------------------------+-------+-------+-------++-------
  Melee: Flail             |   145 |   158 |   327 ||   630
  Evoke: Wand              |       |     1 |       ||     1
    Use: Scroll            |       |     3 |     1 ||     4
         Potion            |       |     5 |     2 ||     7
 Armour: Scale mail        |    92 |   132 |   223 ||   447
  Dodge: Dodged            |    81 |    79 |   112 ||   272
  Block: Buckler           |    30 |     7 |       ||    37
         Kite shield       |       |    64 |   197 ||   261

Table legend: (Time is in decaauts)
 A = Elapsed time spent in this place.
 B = Non-inter-level travel time spent in this place.
 C = Inter-level travel time spent in this place.
 D = Time resting spent in this place.
 E = Time spent auto-exploring this place.
 F = Levels seen in this place.
 G = Mean time per level.
                   A        B        C        D        E       F      G
               +--------+--------+--------+--------+--------+-----+--------+
         Total |   6809 |   6258 |    551 |    336 |   4481 |   8 |  851.1 |
       Dungeon |   6741 |   6190 |    551 |    336 |   4427 |   7 |  963.0 |
        Temple |     67 |     67 |      0 |      0 |     54 |   1 |   67.0 |
               +--------+--------+--------+--------+--------+-----+--------+

Top non-repeatable levels by time:
     D:6: 1289 daAuts
     D:4: 1130 daAuts
     D:7: 1062 daAuts
     D:5: 1004 daAuts
     D:3: 931 daAuts
     D:2: 663 daAuts
     D:1: 660 daAuts
  Temple: 67 daAuts
